 Dungeon Crawl Stone Soup version 0.31.0-1-g2c135a0 (webtiles) character file.

Game seed: 14447952501863914371

2 DragonEye the Grave Robber (level 1, 0/14 HPs)
             Began as a Ghoul Necromancer on Feb 26, 2024.
             Slain by a bat (1 damage)
             ... on level 1 of the Dungeon.
             The game lasted 00:05:53 (262 turns).

DragonEye the Grave Robber (Ghoul Necromancer)       Turns: 262, Time: 00:05:54

Health: 0/14       AC:  2    Str: 11    XL:     1   Next: 30%
Magic:  3/3        EV: 12    Int: 14    God:
Gold:   0          SH:  0    Dex:  9    Spells: 2/3 levels left

rFire   . . .        (no weapon)
rCold   + . .        (no shield)
rNeg    + + +        a - +0 robe
rPois   ∞            (no helmet)
rElec   .            (no cloak)
rCorr   .            (no gloves)
SInv    .            (no boots)
Will    .....        (no amulet)
Stlth   ++           (no ring)
HPRegen 0.00/turn    (no ring)
MPRegen 0.08/turn

%: no passive effects
@: inhibited regen
A: claws 1, cold resistance 1, negative energy resistance 3, inhibited
regeneration, torment resistance 2, devour on kill
a: no special abilities


You were on level 1 of the Dungeon.
You visited 1 branch of the dungeon, and saw 1 of its levels.

Inventory:

Armour
 a - a +0 robe (worn)
Potions
 b - a potion of magic


   Skills:
 + Level 1.8 Dodging
 + Level 2.1 Stealth
 + Level 1.7 Spellcasting
 + Level 4.0 Necromancy


You had 2 spell levels left.
You knew the following spells:

 Your Spells              Type           Power      Damage    Failure   Level
a - Necrotise             Necr           48%        1d6       4%          1

Your spell library contained the following spells:

 Spells                   Type           Power      Damage    Failure   Level
 Vampiric Draining        Necr           12%        2d6       14%         3
 Animate Dead             Necr           12%        N/A       41%         4
 Curse of Agony           Necr           12%        N/A       77%         5


Dungeon Overview and Level Annotations

Branches:
Dungeon (1/15)

Altars:


Innate Abilities, Weirdness & Mutations

You are immune to poison.
You have sharp fingernails.
Your flesh is cold resistant. (rC+)
You are immune to negative energy. (rN+++)
You do not regenerate when monsters are visible.
You are immune to unholy pain and torment.
You thrive by killing the living.


Message History

The bat barely misses you. The bat barely misses you.
You scratch the bat but do no damage. The bat closely misses you.
The bat misses you. The bat closely misses you. The bat closely misses you.
You scratch the bat.
The bat is heavily wounded.
The bat closely misses you. The bat hits you but does no damage.
The bat barely misses you. The bat closely misses you.
The bat closely misses you. The bat attacks as it pursues you!
The bat hits you.
* * * LOW HITPOINT WARNING * * *
The bat barely misses you. The bat hits you but does no damage.
The bat closely misses you. The bat hits you.
* * * LOW HITPOINT WARNING * * *
The bat hits you but does no damage. The bat hits you but does no damage.
The bat barely misses you. The bat closely misses you.
The bat barely misses you. The bat barely misses you.
The bat attacks as it pursues you! The bat hits you.
* * * LOW HITPOINT WARNING * * *
The bat completely misses you. The bat misses you. The bat closely misses you.
The bat misses you. The bat closely misses you. The bat misses you.
The bat barely misses you. The bat closely misses you.
The bat attacks as it pursues you! The bat hits you but does no damage.
The bat barely misses you. The bat barely misses you. The bat hits you.
You die...

#.................
#.................
###......#..........
............#.#.....
#.......#.#.#.....
#.................
#...†..>..........
#.................
#@...............)
#.b...............
#.................
#..........#......
#..........#......
#.................
#...##............
#...##......###≈##
#...##......# ≈#


You could see a bat.

Vanquished Creatures
  An endoplasm (D:1)
  A frilled lizard (D:1)
2 creatures vanquished.

Notes
Turn   | Place    | Note
-------+----------+-------------------------------------------
     0 | D:1      | DragonEye the Ghoul Necromancer began the quest for the
                  | Orb.
     0 | D:1      | Reached XP level 1. HP: 14/14 MP: 3/3
   262 | D:1      | Slain by a bat

Illustrated notes

Levels and vault maps discovered:
D:1:      kilobyte_arrival_exit_the_forest, layout_basic,
          chequers_ecumenical_altar_island, supply_closet_lemuel,
          grunt_decor_cap, chequers_serial_rivers_large_b

Action                     || total
---------------------------++-------
  Melee: Unarmed           ||    11
 Armour: Robe              ||    18
  Dodge: Dodged            ||    35
